 Dungeon Crawl Stone Soup version 0.17-a0-369-ge05c439 (webtiles) character file.

288003 McCoppin the Executioner (level 19, -4/141 HPs)
             Began as a Demonspawn Gladiator on Mar 31, 2015.
             Was the Champion of Ru.
             Killed by nerve-wracking pain
             ... invoked by an ancient champion
              (10 damage)
             ... on level 3 of the Vaults.
             The game lasted 04:09:44 (50748 turns).

McCoppin the Executioner (Demonspawn Gladiator)    Turns: 50748, Time: 04:09:44

Health: -4/141     AC: 16    Str: 40    XL:     19   Next: 87%
Magic:  21/30      EV: 33    Int:  2    God:    Ru [******]
Gold:   4809       SH:  4    Dex: 32    Spells: 0 memorised, 18 levels left

rFire  . . .     SeeInvis .     A - +4 executioner's axe (elec)
rCold  . . .     Clarity  +     g - +1 ring mail of the Morning Star {Str+7 Int-2 Slay+6}
rNeg   + . .     SustAb   .     (no shield)
rPois  +         Gourm    .     (helmet restricted)
rElec  +         Spirit   .     E - +2 cloak {rPois}
rCorr  +         Warding  .     U - +2 pair of gloves {Dex+3}
rMut   .         Rnd*Tele +     (boots unavailable)
MR     .....                    k - amulet "Naukhla" {rCorr +Fly Str-2 Stlth+}
Stlth  +++.......               J - ring "Busecre" {+Fly Str+5 Int-4 Dex+8}
                                C - ring "Dimmoig" {rN+ MP+9 Str+10 Int-2 Dex-3}

@: agile, exhausted, no potions, no scrolls, very slightly contaminated, hasted,
lost intelligence, heavily drained, very slow, not resistant to hostile
enchantments, fairly stealthy
A: beak, claws 2, hooves 3, horns 1, large bone plates 3, breathe flames 1,
clarity, deformed body, deterioration 2, frail 1, foul stench 1, low mp 1,
powered by pain 2, screaming 1, electricity resistance, slow healing 2, strong
1, teleportitis 3, wild magic 1, evolution 1, rot immunity, inability to drink
while threatened, inability to read while threatened, hated by all, no
conjurations magic, no poison magic, no transmutations magic, magic
vulnerability 1, MP-powered wands 1
a: Draw Out Power, Power Leap, Apocalypse, Renounce Religion, Breathe Fire,
Evoke Flight
}: 2/15 runes: decaying, gossamer


You were on level 3 of the Vaults.
You worshipped Ru.
Ru was exalted by your worship.
You were full.

You visited 7 branches of the dungeon, and saw 41 of its levels.
You also visited: Labyrinth, Bailey, Ice Cave and Volcano.

You collected 6004 gold pieces.
You spent 1195 gold pieces at shops.

Inventory:

Hand weapons
 a - a +3 dire flail
 A - a +4 executioner's axe of electrocution (weapon)
Missiles
 d - 6 throwing nets (quivered)
Armour
 g - the +1 ring mail of the Morning Star (worn) {Str+7 Int-2 Slay+6}
   (You found it on level 6 of the Dungeon)

   It affects your strength (+7).
   It affects your intelligence (-2).
   It affects your accuracy and damage with ranged weapons and melee attacks
   (+6).
 E - a +2 cloak of poison resistance (worn)
 U - a +2 pair of gloves of dexterity (worn)
Jewellery
 k - the amulet "Naukhla" (around neck) {rCorr +Fly Str-2 Stlth+}
   (You found it on level 4 of the Dungeon)

   [amulet of resist corrosion]

   It protects you from acid and corrosion.
   It affects your strength (-2).
   It lets you fly.
   It makes you more stealthy.
 l - a +3 ring of slaying
 t - a cursed -2 ring of evasion
 z - an uncursed ring of protection from cold
 C - the ring "Dimmoig" (left hand) {rN+ MP+9 Str+10 Int-2 Dex-3}
   (You found it in a labyrinth)

   [ring of magical power]

   It affects your strength (+10).
   It affects your intelligence (-2).
   It affects your dexterity (-3).
   It protects you from negative energy.
   It affects your magic capacity (+9).
 D - an uncursed ring of protection from fire
 J - the ring "Busecre" (right hand) {+Fly Str+5 Int-4 Dex+8}
   (You found it on level 10 of the Dungeon)

   [ring of flight]

   It affects your strength (+5).
   It affects your intelligence (-4).
   It affects your dexterity (+8).
   It lets you fly.
 L - an uncursed ring of see invisible
Magical devices
 b - a wand of digging (1)
 c - a wand of teleportation (6)
 j - a wand of disintegration (17)
 u - a wand of lightning (7)
 v - a wand of hasting (3)
 G - a wand of cold (7)
 Q - a wand of hasting (0)
 V - a wand of teleportation (0)
Scrolls
 h - 4 scrolls of fog
 m - 4 scrolls of blinking
 o - 6 scrolls of recharging
 p - 18 scrolls of remove curse
 y - 4 scrolls of magic mapping
 M - 3 scrolls of silence
 O - 2 scrolls of fear
 S - 9 scrolls of teleportation
 Y - 3 scrolls of identify
 Z - 5 scrolls of enchant armour
Potions
 e - a potion of heal wounds
 f - a potion of agility
 i - 3 potions of cancellation
 q - 2 potions of restore abilities
 s - a potion of might
 w - 13 potions of curing
 x - 2 potions of lignification
 B - a potion of flight
 F - a potion of invisibility
 N - 7 potions of haste
 R - a potion of magic
 T - 3 potions of brilliance
 W - 5 potions of berserk rage
 X - 5 potions of resistance
Books
 I - the Grimoire of the Mantidfly
   (You found it on level 1 of the Vaults)

   Spells                             Type                      Level
   a - Call Imp                       Summoning                    2
   b - Abjuration                     Summoning                    3
   c - Monstrous Menagerie            Summoning                    6
   d - Spellforged Servitor           Conjuration/Summoning        7
 P - a book of the Warp

   Spells                             Type                      Level
   a - Recall                         Summoning/Translocation      3
   b - Control Teleport               Charms/Translocation         4
   c - Force Lance                    Conjuration/Translocation    4
   d - Phase Shift                    Translocation                5
   e - Warp Weapon                    Charms/Translocation         5
   f - Gell's Gravitas                Hexes/Translocation          5
   g - Summon Forest                  Summoning/Translocation      5
Miscellaneous
 H - a fan of gales
Comestibles
 n - 18 fruits
 r - 2 meat rations
 K - 7 royal jellies


   Skills:
 + Level 16.0(14.4) Fighting
 * Level 21.3(19.6) Axes
 - Level 1.7(0.6) Throwing
 - Level 11.0(9.6) Armour
 - Level 14.5(13.0) Dodging
 - Level 10.0(8.6) Evocations


You had 18 spell levels left.
You didn't know any spells.

Dungeon Overview and Level Annotations

Branches:
Dungeon (15/15)            Temple (1/1) D:7            Lair (8/8) D:8
  Swamp (5/5) Lair:4       Spider (5/5) Lair:5        Slime (0/6) Lair:8
    Orc (4/4) D:12            Elf (0/3) Orc:4        Vaults (3/5) D:13
  Crypt (0/3) Vaults:3     Depths (0/5) D:15

Altars:
Ashenzari
Cheibriados
Dithmenos
Elyvilon
Fedhas
Gozag
Kikubaaqudgha
Makhleb
Nemelex Xobeh
Okawaru
Qazlal
Ru
Sif Muna
Trog
Vehumet
Xom
Yredelemnul
Zin
The Shining One
Beogh

Shops:
D:6 [*   Orc:1 (   Orc:4 !!}((   Vaults:2 [

Portals:
Trove: D:15 (give horn of Geryon)

Annotations:
Lair:8 exclusion: 5 oklob plants
Vaults:3 Asterion, Norris


Innate Abilities, Weirdness & Mutations

You have very sharp fingernails.
You are completely covered in large bone plates (AC +4, SH +4).
You may emit foul miasma when damaged in melee.
Your magical capacity is low (-10% MP).
You sometimes gain power by taking damage.
You do not heal naturally when monsters are visible.
You are immune to rotting.
You cannot drink potions while threatened.
You cannot read scrolls while threatened.
You are hated by all.
You cannot study or cast Conjurations magic.
You cannot study or cast Poison magic.
You cannot study or cast Transmutations magic.
You are slightly vulnerable to magic.
You have a beak for a mouth.
You have hooves in place of feet.
You have a pair of small horns on your head.
You can breathe flames.
You possess an exceptional clarity of mind.
Armour fits poorly on your strangely shaped body.
Your body is deteriorating.
You are frail (-10% HP).
You occasionally shout uncontrollably at your foes.
You are resistant to electric shocks.
Your muscles are strong. (Str +2)
Space frequently distorts in your vicinity.
Your spells are a little harder to cast, but a little more powerful.
You evolve.
You expend magic power (3 MP) to slightly strengthen your wands.


Message History

The yaktaur wields a runed arbalest.
The yaktaur shoots a bolt of frost.
The bolt of frost hits you!
* * * LOW HITPOINT WARNING * * *
The bolt of frost freezes you.
* * * LOW HITPOINT WARNING * * *
You focus your will and blind the yaktaur in retribution!
You redirect the ancient champion's attack!
The ancient champion hits itself with a great mace of crushing!
You see here a bolt of frost.
Evoke which item? (* to show all) (? for menu, Esc to quit)
Okay, then.
Read which item? (? for menu, Esc to quit)
Okay, then.
You redirect the ancient champion's attack!
The ancient champion hits you but does no damage.
There is a stone staircase leading up here.
The ancient champion begins to cast a spell, but is stunned by your will!
The ancient champion casts a spell at you.
Pain shoots through your body!
You die...

......
..................
......
..................
....#
####....#########
....# #....# ....#
########....# ....#
#......'....# ....#
#......#....# ....#
#......#....#
###### ....# .
+...@..#....#
#..... ....# ..
+...z..#....#
#..>.. ....# #.
#...(..#....#
#..... ....#
###..##......#....#
#..... ....#
#............#....#
#..... ....#
#.#....c§.#..'...
#..... ....#
#.....)......#...
###### ....#
#...8#.#8....#...
....#
#..)##)##....# .


You could see an ancient champion and a yaktaur (blind).

Vanquished Creatures
  Jory (Vaults:3)
  A bone dragon (Swamp:5)
  A tentacled monstrosity (Swamp:4)
  An Ice Fiend (IceCv)
  Kirke (Lair:5)
  A storm dragon (Vaults:1)
  Roxanne (Swamp:4)
  4 fire giants
  A greater naga (Vaults:1)
  Donald (Orc:3)
  4 vault wardens
  A frost giant (Vaults:1)
  An orc warlord (Bailey)
  Aizul (Swamp:3)
  7 ghost moths
  5 emperor scorpions
  11 ironheart preservers
  5 stone giants
  2 very ugly things
  3 rakshasas (D:14)
  A dire elephant (Lair:8)
  Snorg (Orc:3)
  3 deep elf death magi
  2 ettins
  3 fire dragons
  6 vault guards (Vaults:1)
  Josephine (Lair:8)
  A deep elf high priest (Vaults:1)
  A minotaur (Lab)
  3 yaktaur captains
  13 hydras
  A ghost crab (Swamp:5)
  A great orb of eyes (Vaults:1)
  The ghost of trelanon the Cleaver, a powerful DDNe of Makhleb (Lair:2)
  2 ice dragons
  3 catoblepae
  6 centaur warriors
  4 death yaks (Lair:8)
  4 deep troll shamans
  2 deep troll earth magi
  A tengu warrior (D:13)
  An orc high priest (Orc:4)
  10 alligators
  8 ogre magi
  A fire crab (Vaults:1)
  5 ice devils (IceCv)
  2 deep elf knights (Vaults:3)
  8 deep trolls
  3 skeletal warriors (Vaults:1)
  A death drake (shapeshifter) (Vaults:1)
  A storm dragon skeleton (Vaults:3)
  A shadow wraith (Vaults:2)
  An unseen horror (shapeshifter) (Vaults:2)
  A death drake (Swamp:5)
  A flayed ghost (Vaults:1)
  4 spectral hydras (Swamp:5)
  5 swamp dragons
  3 unseen horrors
  2 necromancers
  2 shambling mangroves
  10 hill giants
  A wizard (Vaults:2)
  11 ironbrand convokers
  2 large abominations (Vaults:2)
  A lindwurm (Volcano)
  6 griffons
  4 phantasmal warriors
  31 ugly things
  10 hornets
  31 wolf spiders
  15 orb spiders
  9 orc knights
  A moth of wrath (Spider:5)
  3 oklob plants
  4 cyclopes
  A manticore (D:12)
  A fire giant skeleton (Vaults:3)
  8 elephants
  10 vault sentinels
  A small abomination (Vaults:2)
  2 torpor snails
  3 gargoyles (D:12)
  An air elemental (Lair:2)
  21 spiny frogs
  A black mamba (Lair:6)
  16 yaktaurs
  3 anaconda simulacra (IceCv)
  2 swamp worm zombies (Swamp:5)
  2 kobold demonologists (Vaults:2)
  7 fire drakes
  A tengu conjurer (D:15)
  A deep elf priest (Vaults:2)
  2 golden dragon simulacra (IceCv)
  10 demonic crawlers
  2 hydra zombies (Swamp:5)
  2 wolf spider simulacra (IceCv)
  6 komodo dragons
  7 freezing wraiths
  A blue devil (IceCv)
  2 polar bears (Lair:8)
  16 jumping spiders
  26 slime creatures
  5 giant leeches
  9 bog bodies
  7 baby alligators
  18 ravens
  3 spectral swamp dragons (Swamp:5)
  20 two-headed ogres
  6 boulder beetles
  A trapdoor spider zombie (D:11)
  13 blink frogs
  15 trolls
  6 wraiths
  24 trapdoor spiders
  2 shadows (D:14)
  11 basilisks
  3 alligator zombies (Swamp:5)
  A spriggan (shapeshifter) (Vaults:1)
  34 redbacks
  26 tarantellas
  A water elemental (D:13)
  8 deep elf fighters
  A fire elemental (Lair:8)
  13 wyverns
  4 deep elf magi
  46 yaks
  5 spriggans
  19 hippogriffs
  4 hungry ghosts
  7 fire bats (Volcano)
  A golden eye (shapeshifter) (Vaults:3)
  A chaos spawn (Orc:4)
  A human simulacrum (Vaults:2)
  34 vampire mosquitoes
  3 iron troll simulacra (IceCv)
  6 mottled dragons
  The ghost of tompliss the Shooter, an average HEHu (D:4)
  2 harpy simulacra (IceCv)
  5 hogs
  8 wargs
  8 insubstantial wisps (Swamp:5)
  2 death yak simulacra (IceCv)
  35 swamp worms
  A hell hound (Lair:6)
  22 wolves
  3 hydra simulacra (IceCv)
  14 ice beasts
  39 orc warriors
  A spiny frog zombie (Lair:8)
  24 water moccasins
  A sky beast (D:9)
  An eye of draining (D:12)
  8 porcupines
  45 spiders
  8 wasps
  5 swamp drakes
  2 ettin simulacra (IceCv)
  3 black bears
  5 swamp dragon zombies (Swamp:5)
  40 ogres
  7 phantoms (Swamp:5)
  3 boring beetles
  2 human skeletons (Vaults:3)
  20 centaurs
  16 crocodiles
  A lost soul (Vaults:3)
  7 big kobolds
  23 giant frogs
  A water moccasin zombie (D:9)
  A troll zombie (D:13)
  8 scorpions
  6 electric eels
  2 wights (Vaults:3)
  22 killer bees
  12 crimson imps
  A quasit (D:12)
  A vampire bat (D:3)
  11 hounds
  A goliath beetle (D:9)
  11 jellies
  A gnoll shaman (D:6)
  28 orc priests
  Crazy Yiuf (D:2)
  A draconian simulacrum (IceCv)
  2 giant frog zombies
  33 orc wizards
  An iron imp (Vaults:2)
  7 centaur skeletons
  3 giant frog skeletons
  13 iguanas
  13 worker ants
  A wolf simulacrum (IceCv)
  A boulder beetle simulacrum (Vaults:1)
  30 sheep
  A spriggan simulacrum (IceCv)
  3 troll simulacra (IceCv)
  A hound zombie (D:8)
  4 centaur simulacra (IceCv)
  A hound skeleton (D:5)
  A worker ant zombie (D:6)
  A swamp drake zombie (Swamp:5)
  20 gnolls
  30 adders
  48 river rats
  An ogre simulacrum (IceCv)
  3 giant mites
  7 white imps
  5 shadow imps
  12 worms
  6 ufetubi (IceCv)
  An adder skeleton (D:4)
  2 giant geckos
  19 oozes
  229 orcs
  A bat skeleton (D:8)
  7 giant cockroaches
  43 hobgoblins
  6 jackals
  40 kobolds
  11 quokkas
  3 ball pythons
  21 bats
  6 giant newts
  2 giant spores
  48 goblins
  14 rats
  26 ballistomycetes
  A bush (Lair:5)
  4 crawling corpses (Vaults:2)
  20 fungi
  5 plants
2052 creatures vanquished.

Vanquished Creatures (others)
  2 hydras
  A deep troll (Vaults:1)
  A wolf spider (Spider:5)
  A demonic crawler (Spider:5)
  A giant leech (Swamp:5)
  A trapdoor spider (Spider:5)
  2 redbacks
  A swamp worm (Lair:6)
  A wasp (Swamp:3)
  An ogre (Orc:4)
  A spider (Spider:4)
  2 lost souls
  An ufetubus (IceCv)
  2 orcs (Orc:1)
  A giant spore (D:8)
  A kobold (D:13)
  21 fungi
  3 plants
44 creatures vanquished.

Grand Total: 2096 creatures vanquished

Notes
Turn   | Place    | Note
--------------------------------------------------------------
     0 | D:1      | McCoppin, the Demonspawn Gladiator, began the quest for the Orb.
     0 | D:1      | Reached XP level 1. HP: 16/16 MP: 0/0
   252 | D:1      | Reached skill level 3 in Axes
   252 | D:1      | Gained mutation: You are partially covered in large bone plates (AC +2, SH +2). [demonic ancestry]
   252 | D:1      | Reached XP level 2. HP: 17/23 MP: 1/1
  1054 | D:1      | Gained mutation: Armour fits poorly on your strangely shaped body. [potion of mutation]
  1054 | D:1      | Gained mutation: Scrolls take you a little longer to read. [potion of mutation]
  1054 | D:1      | Gained mutation: Your magical capacity is low (-10% MP). [potion of mutation]
  1180 | D:2      | Gained mutation: You are immune to rotting. [demonic ancestry]
  1180 | D:2      | Reached XP level 3. HP: 25/28 MP: 2/2
  2082 | D:2      | Gained mutation: You have sharp fingernails. [demonic ancestry]
  2082 | D:2      | Reached XP level 4. HP: 35/35 MP: 3/3
  2141 | D:2      | Found a stormy altar of Qazlal.
  2148 | D:2      | Found a blossoming altar of Fedhas.
  2200 | D:2      | Noticed Crazy Yiuf
  2213 | D:2      | Killed Crazy Yiuf
  2213 | D:2      | Reached skill level 4 in Axes
  2490 | D:2      | Found a shimmering altar of Xom.
  2490 | D:2      | Found a shimmering altar of Xom.
  2491 | D:2      | Found a shimmering altar of Xom.
  2504 | D:2      | Found a shimmering altar of Xom.
  2543 | D:2      | You fall through a shaft!
  2615 | D:3      | Gained mutation: You are resistant to hostile enchantments. [potion of beneficial mutation]
  2660 | D:3      | Reached XP level 5. HP: 40/42 MP: 4/4
  3256 | D:3      | Reached XP level 6. HP: 47/49 MP: 4/4
  3458 | D:4      | Reached skill level 5 in Fighting
  3902 | D:4      | Reached skill level 5 in Axes
  3938 | D:4      | Got a flickering amethyst amulet
  3953 | D:4      | Identified the amulet "Naukhla" {rCorr +Fly Str-2 Stlth+} (You found it on level 4 of the Dungeon)
  4047 | D:4      | Noticed tompliss' ghost (average HEHu)
  4065 | D:4      | Killed tompliss' ghost
  4085 | D:4      | Reached XP level 7. HP: 31/56 MP: 5/5
  4657 | D:5      | Entered Level 5 of the Dungeon
  4778 | D:5      | Found an opulent altar of Gozag.
  4779 | D:5      | Found a glowing silver altar of Zin.
  4958 | D:5      | Reached skill level 6 in Fighting
  5057 | D:5      | Found a basalt altar of Yredelemnul.
  5060 | D:5      | Noticed a profane servitor
  5064 | D:5      | Found a glowing golden altar of the Shining One.
  5065 | D:5      | Noticed an angel
  5505 | D:6      | Found Suarutsid's Armour Emporium.
  5513 | D:6      | Bought a +2 cloak of poison resistance for 185 gold pieces
  5537 | D:6      | Found a deep blue altar of Sif Muna.
  5920 | D:6      | Gained mutation: You sometimes gain a little power by taking damage. [demonic ancestry]
  5920 | D:6      | Reached XP level 8. HP: 36/65 MP: 6/6
  5929 | D:6      | Got a translucent ring mail
  5940 | D:6      | Identified the +1 ring mail of the Morning Star {Str+7 Int-2 Slay+6} (You found it on level 6 of the Dungeon)
  6121 | D:6      | Found Casoxzis' Commerce Corner.
  6222 | D:6      | Found a glowing golden altar of the Shining One.
  6246 | D:6      | Reached skill level 7 in Fighting
  6538 | D:6      | Found an ancient bone altar of Kikubaaqudgha.
  6538 | D:6      | Noticed a human
  6565 | D:6      | Noticed an oklob plant
  6737 | D:6      | Killed an oklob plant
  6737 | D:6      | Reached skill level 8 in Fighting
  6813 | D:7      | Gained mutation: You may emit foul miasma when damaged in melee. [demonic ancestry]
  6813 | D:7      | Reached XP level 9. HP: 58/75 MP: 7/7
  7117 | D:7      | Reached skill level 9 in Fighting
  7395 | D:7      | Found a staircase to the Ecumenical Temple.
  7517 | Temple   | Entered the Ecumenical Temple
  7664 | Temple   | Became a worshipper of Ru the Awakened
  8290 | D:8      | Reached skill level 10 in Fighting
  8363 | D:8      | Found a staircase to the Lair.
  8505 | D:8      | Gained mutation: You sometimes gain power by taking damage. [demonic ancestry]
  8505 | D:8      | Reached XP level 10. HP: 27/86 MP: 8/8
  9002 | D:8      | Reached skill level 10 in Axes
  9153 | D:8      | Found a white marble altar of Elyvilon.
  9285 | Lair:1   | Entered Level 1 of the Lair of Beasts
  9309 | Lair:1   | Gained mutation: You cannot study or cast Poison magic. [Ru sacrifice]
  9309 | Lair:1   | Gained mutation: You cannot study or cast Transmutations magic. [Ru sacrifice]
  9309 | Lair:1   | Gained mutation: You cannot study or cast Conjurations magic. [Ru sacrifice]
  9309 | Lair:1   | Acquired Ru's first power
 10588 | Lair:2   | Reached skill level 11 in Fighting
 10588 | Lair:2   | Reached skill level 5 in Dodging
 10767 | Lair:2   | Noticed trelanon's ghost (powerful DDNe)
 11058 | Lair:2   | Killed trelanon's ghost
 11092 | Lair:2   | Reached XP level 11. HP: 93/93 MP: 8/8
 13068 | Lair:4   | Noticed an eight-headed hydra
 13876 | Lair:4   | Reached skill level 12 in Axes
 14081 | Lair:4   | Noticed an eight-headed hydra
 14089 | Lair:4   | Killed an eight-headed hydra
 14411 | Lair:5   | Noticed Kirke
 14707 | Lair:5   | Gained mutation: You have very sharp fingernails. [demonic ancestry]
 14707 | Lair:5   | Reached XP level 12. HP: 85/102 MP: 9/9
 14768 | Lair:4   | Gained mutation: You heal slowly when monsters are visible. [Ru sacrifice]
 14768 | Lair:4   | Acquired Ru's second power
 14831 | Lair:4   | Found a staircase to the Swamp.
 15011 | Lair:5   | Noticed a six-headed hydra
 15156 | Lair:5   | Noticed an ice dragon
 15289 | Lair:6   | Noticed a catoblepas
 15298 | Lair:6   | Killed a catoblepas
 15793 | Lair:6   | Noticed a catoblepas
 15819 | Lair:6   | Killed a catoblepas
 16768 | Lair:6   | Reached skill level 1 in Evocations
 16911 | Lair:6   | Gained mutation: Your magical capacity is very low (-20% MP). [Ru sacrifice]
 17244 | Lair:6   | Reached skill level 13 in Axes
 18548 | Lair:7   | Reached skill level 10 in Dodging
 18991 | Lair:7   | Noticed a five-headed hydra
 18998 | Lair:7   | Killed a five-headed hydra
 19402 | Lair:8   | Entered Level 8 of the Lair of Beasts
 19424 | Lair:8   | Reached XP level 13. HP: 98/108 MP: 10/10
 19481 | Lair:8   | Found a staircase to the Slime Pits.
 20055 | Lair:8   | Noticed an eight-headed hydra
 20336 | Lair:8   | Killed an eight-headed hydra
 20353 | Lair:8   | Gained mutation: You cannot read scrolls while threatened. [Ru sacrifice]
 20353 | Lair:8   | Acquired Ru's third power
 20402 | Lair:8   | Reached skill level 5 in Evocations
 20912 | Lair:8   | Noticed Josephine
 20925 | Lair:8   | Killed Josephine
 21545 | Lair:8   | Noticed a catoblepas
 21961 | Lair:8   | Lost mutation: You are resistant to hostile enchantments. [potion of cure mutation]
 21961 | Lair:8   | Lost mutation: Scrolls take you a little longer to read. [potion of cure mutation]
 21961 | Lair:8   | Lost mutation: Your magical capacity is very low (-20% MP). [potion of cure mutation]
 21961 | Lair:8   | Lost mutation: Armour fits poorly on your strangely shaped body. [potion of cure mutation]
 22004 | Lair:8   | Killed a catoblepas
 22018 | Lair:8   | Reached skill level 14 in Axes
 22323 | Lair:8   | Noticed a dire elephant
 22341 | Lair:8   | Killed a dire elephant
 23091 | Lair:5   | Killed a six-headed hydra
 23301 | Lair:5   | Noticed a sphinx
 23546 | D:9      | Found a flagged portal.
 23583 | Bailey   | Entered a bailey
 23749 | Bailey   | Noticed an orc warlord
 23758 | Bailey   | Gained mutation: You are mostly covered in large bone plates (AC +3, SH +3). [demonic ancestry]
 23758 | Bailey   | Reached XP level 14. HP: 75/115 MP: 14/14
 23762 | Bailey   | HP: 4/115 [orc warlord/dire flail (21)]
 23762 | Bailey   | HP: 1/115 [orc knight/war axe (3)]
 23799 | Bailey   | Killed an orc warlord
 24057 | Bailey   | Gained mutation: You can spit weak poison. [potion of beneficial mutation]
 24058 | Bailey   | Gained mutation: You have large cloven feet. [potion of beneficial mutation]
 24175 | D:9      | Gained mutation: Your mind is acute. (Int +2) [mutagenic meat]
 24176 | D:9      | Gained mutation: You are clumsy. (Dex -2) [mutagenic meat]
 24177 | D:9      | Gained mutation: Your mind is very acute. (Int +4) [mutagenic meat]
 24258 | D:9      | Gained mutation: You are very clumsy. (Dex -4) [potion of mutation]
 24258 | D:9      | Gained mutation: You tend to lose your temper in combat. [potion of mutation]
 24258 | D:9      | Gained mutation: You evolve. [potion of mutation]
 24824 | D:9      | Identified a scroll of acquirement
 24854 | D:10     | Entered Level 10 of the Dungeon
 25167 | D:10     | Got a coiled bone ring
 25476 | D:11     | Identified the ring "Busecre" {+Fly Str+5 Int-4 Dex+8} (You found it on level 10 of the Dungeon)
 25694 | D:11     | Gained mutation: Your system is resistant to poisons. [mutagenic meat]
 25695 | D:11     | Gained mutation: You are covered in fur (AC +1). [mutagenic meat]
 25696 | D:11     | Lost mutation: You can spit weak poison. [mutagenic meat]
 25834 | D:11     | Found a staircase to the Lair.
 26126 | D:11     | Gained mutation: You cannot drink potions while threatened. [Ru sacrifice]
 26126 | D:11     | Acquired Ru's fourth power
 26126 | D:11     | Acquired Ru's fifth power
 26380 | D:12     | Found a roughly hewn altar of Beogh.
 26382 | D:12     | Found a staircase to the Orcish Mines.
 27192 | Orc:1    | Entered Level 1 of the Orcish Mines
 27192 | Orc:1    | Found Jueheev's Weapon Emporium.
 27253 | Orc:1    | Found a dark tunnel.
 27381 | Volcano  | Entered a volcano
 27847 | Orc:1    | Gained mutation: You are hated by all. [Ru sacrifice]
 27944 | Orc:2    | Found an iron altar of Okawaru.
 28163 | Orc:3    | Noticed Donald
 28171 | Orc:3    | Killed Donald
 28191 | Orc:3    | Reached skill level 10 in Evocations
 28356 | Orc:3    | Got a faintly humming shield {Donald}
 28357 | Orc:3    | Identified the +3 shield of Weirdness {rElec rPois MR+ rCorr} (You took it off Donald on level 3 of the Orcish Mines)
 28452 | Orc:3    | Noticed Snorg
 28460 | Orc:3    | Killed Snorg
 28927 | Orc:3    | Reached skill level 1 in Armour
 29681 | Orc:4    | Entered Level 4 of the Orcish Mines
 29689 | Orc:4    | Found a labyrinth entrance.
 29704 | Lab      | Entered a labyrinth
 30005 | Lab      | Identified the Grimoire of Limited Liability
 30005 | Lab      | Got a glittering iron ring
 30008 | Lab      | Identified the ring "Dimmoig" {rN+ MP+9 Str+10 Int-2 Dex-3} (You found it in a labyrinth)
 30009 | Lab      | Identified a +9 rod of the swarm (10/10) (You found it in a labyrinth)
 30014 | Lab      | Identified Xiptes' Grimoire of Aid and Flight (You found it in a labyrinth)
 30023 | Lab      | Identified a +4 rod of the swarm (10/10) (You found it in a labyrinth)
 30208 | Orc:4    | Found a staircase to the Elven Halls.
 30334 | Orc:4    | Found Wenwy's Gadget Boutique.
 30346 | Orc:4    | Gained mutation: You are completely covered in large bone plates (AC +4, SH +4). [demonic ancestry]
 30346 | Orc:4    | Reached XP level 15. HP: 74/120 MP: 16/16
 30495 | Orc:4    | Found Manod's Distillery.
 30500 | Orc:4    | Found Faklipte's Distillery.
 30502 | Orc:4    | Found Gischugu's Weapon Shop.
 30503 | Orc:4    | Bought a potion of mutation for 30 gold pieces
 30503 | Orc:4    | Bought 2 potions of mutation for 60 gold pieces
 30503 | Orc:4    | Gained mutation: Space occasionally distorts in your vicinity. [potion of mutation]
 30503 | Orc:4    | Gained mutation: Your spells are a little harder to cast, but a little more powerful. [potion of mutation]
 30503 | Orc:4    | Gained mutation: You have a beak for a mouth. [potion of mutation]
 30504 | Orc:4    | Gained mutation: You are frail (-10% HP). [potion of mutation]
 30504 | Orc:4    | Lost mutation: Your mind is very acute. (Int +4) [potion of mutation]
 30504 | Orc:4    | Gained mutation: You are resistant to electric shocks. [potion of mutation]
 30505 | Orc:4    | Gained mutation: Your muscles are strong. (Str +2) [potion of mutation]
 30505 | Orc:4    | Gained mutation: You have difficulty communicating with the divine. [potion of mutation]
 30505 | Orc:4    | Gained mutation: You have hoof-like feet. [potion of mutation]
 30506 | Orc:4    | Bought a potion of cure mutation for 420 gold pieces
 30506 | Orc:4    | Lost mutation: You are frail (-10% HP). [potion of cure mutation]
 30506 | Orc:4    | Lost mutation: Your mind is acute. (Int +2) [potion of cure mutation]
 30506 | Orc:4    | Lost mutation: You are covered in fur (AC +1). [potion of cure mutation]
 30506 | Orc:4    | Lost mutation: Your system is resistant to poisons. [potion of cure mutation]
 30506 | Orc:4    | Lost mutation: You tend to lose your temper in combat. [potion of cure mutation]
 30540 | Orc:4    | Found a roughly hewn altar of Beogh.
 30572 | Orc:4    | Bought the cursed +1 blowgun "Tacheo" {speed, +Inv rN+ Int-4 Dex+4} for 332 gold pieces
 30798 | Orc:4    | Found Gucocs' Weapon Boutique.
 30808 | Orc:4    | Gained mutation: You are slightly vulnerable to magic. [Ru sacrifice]
 31498 | D:13     | Found a gate to the Vaults.
 32195 | D:14     | Found a shadowy altar of Dithmenos.
 32248 | D:14     | Reached skill level 15 in Axes
 32307 | D:14     | Gained mutation: You possess an exceptional clarity of mind. [mutagenic meat]
 32308 | D:14     | Gained mutation: You have hooves in place of feet. [mutagenic meat]
 32309 | D:14     | Gained mutation: You expend magic power (3 MP) to slightly strengthen your wands. [mutagenic meat]
 32310 | D:14     | Gained mutation: Armour fits poorly on your strangely shaped body. [mutagenic meat]
 32428 | D:14     | Gained mutation: You can breathe flames. [mutagenic meat]
 32682 | D:15     | Entered Level 15 of the Dungeon
 32713 | D:15     | Reached skill level 5 in Armour
 32861 | D:15     | Gained mutation: You have a pair of small horns on your head. [evolution]
 33018 | D:15     | Got a scorched ring mail
 33029 | D:15     | Identified the +5 ring mail "Uwnofy" {rF- Str+4 Stlth+} (You found it on level 15 of the Dungeon)
 33233 | D:15     | Found a staircase to the Depths.
 33788 | D:15     | Found a portal to a secret trove of treasure.
 34542 | Swamp:1  | Entered Level 1 of the Swamp
 34683 | Swamp:1  | Found a frozen archway.
 34712 | IceCv    | Entered an ice cave
 35493 | IceCv    | Noticed an Ice Fiend
 35506 | IceCv    | Reached XP level 16. HP: 77/127 MP: 6/17
 35512 | IceCv    | Killed an Ice Fiend
 35531 | IceCv    | Got an ichor-stained long sword
 35559 | Swamp:1  | Identified the cursed +1 long sword of Garucs {drain, +Fly rC- MP+9 Dex+2} (You found it in an ice cave)
 36640 | Swamp:2  | Reached skill level 16 in Axes
 37327 | Swamp:3  | Noticed Aizul
 37337 | Swamp:3  | Killed Aizul
 37346 | Swamp:3  | Got a bronze plate armour
 37347 | Swamp:3  | Identified the cursed +0 plate armour of Soimmor {Contam Regen+ MP+9} (You found it on level 3 of the Swamp)
 37867 | Swamp:3  | Gained mutation: You are robust (+10% HP). [evolution]
 37906 | Swamp:3  | Identified a +2 pair of boots of running (You found it in an ice cave)
 37907 | Swamp:3  | Identified a +2 pair of boots of running (You found it in an ice cave)
 38415 | Swamp:4  | Noticed a tentacled monstrosity
 38420 | Swamp:4  | Killed a tentacled monstrosity
 38582 | Swamp:4  | Noticed Roxanne
 38683 | Swamp:4  | Killed Roxanne
 38782 | Swamp:4  | Identified Roxanne's Incunabulum of the Mountains and Moulding (You took it off Roxanne on level 4 of the Swamp)
 39205 | Swamp:4  | Gained mutation: Space sometimes distorts in your vicinity. [mutagenic meat]
 39206 | Swamp:4  | Gained mutation: Your body is slowly deteriorating. [mutagenic meat]
 39207 | Swamp:4  | Gained mutation: You occasionally shout uncontrollably at your foes. [mutagenic meat]
 39577 | Swamp:5  | Entered Level 5 of the Swamp
 39844 | Swamp:5  | Reached skill level 17 in Axes
 39847 | Swamp:5  | Reached skill level 10 in Armour
 40082 | Swamp:5  | Lost mutation: You are very clumsy. (Dex -4) [evolution]
 40237 | Swamp:5  | Noticed a bone dragon
 40458 | Swamp:5  | Reached XP level 17. HP: 143/146 MP: 17/17
 40495 | Swamp:5  | Killed a bone dragon
 40510 | Swamp:5  | Got a decaying rune of Zot
 40892 | Lair:5   | Killed an ice dragon
 41010 | Lair:5   | Found a hole to the Spider Nest.
 41046 | Lair:5   | Noticed a seven-headed hydra
 41056 | Lair:5   | Killed a seven-headed hydra
 41191 | Lair:5   | Killed Kirke
 41653 | Spider:1 | Entered Level 1 of the Spider Nest
 42744 | Spider:3 | Reached skill level 18 in Axes
 44183 | Spider:5 | Entered Level 5 of the Spider Nest
 44521 | Spider:5 | Upgraded the game from 0.17-a0-288-gaf424a4 to 0.17-a0-369-ge05c439
 44909 | Spider:5 | Reached XP level 18. HP: 130/157 MP: 2/20
 45327 | Spider:5 | Reached skill level 19 in Axes
 45507 | Spider:5 | Got a gossamer rune of Zot
 46222 | Vaults:1 | Entered Level 1 of the Vaults
 46443 | Vaults:1 | Gained mutation: Space frequently distorts in your vicinity. [mutagenic meat]
 46444 | Vaults:1 | Lost mutation: You are robust (+10% HP). [mutagenic meat]
 46446 | Vaults:1 | Lost mutation: You are clumsy. (Dex -2) [mutagenic meat]
 46447 | Vaults:1 | Gained mutation: You are clumsy. (Dex -2) [mutagenic meat]
 46854 | Vaults:1 | Reached skill level 20 in Axes
 46875 | Vaults:1 | Lost mutation: You are clumsy. (Dex -2) [mutagenic meat]
 46876 | Vaults:1 | Gained mutation: You are clumsy. (Dex -2) [mutagenic meat]
 46877 | Vaults:1 | Lost mutation: You are clumsy. (Dex -2) [mutagenic meat]
 46878 | Vaults:1 | Gained mutation: Your body is deteriorating. [mutagenic meat]
 47216 | Vaults:1 | Gained mutation: You do not heal naturally when monsters are visible. [evolution]
 47275 | Vaults:1 | Identified the Grimoire of the Mantidfly
 47308 | Vaults:1 | Reached XP level 19. HP: 129/153 MP: 21/21
 47655 | Vaults:1 | Reached skill level 15 in Fighting
 48227 | Vaults:2 | Gained mutation: You are frail (-10% HP). [mutagenic meat]
 48794 | Vaults:2 | Found Onatyph's Antique Armour Emporium.
 48804 | Vaults:2 | Bought a fine leather armour for 168 gold pieces
 48816 | Vaults:2 | Identified the +0 leather armour of Dithmenos' Reproof {rF- Int+3 Slay+2} (You bought it in a shop on level 2 of the Vaults)
 49403 | Vaults:2 | Reached skill level 21 in Axes
 49862 | Vaults:3 | Noticed Jory
 49955 | Vaults:3 | Noticed Norris
 49955 | Vaults:3 | Noticed Asterion
 50493 | Vaults:3 | Killed Jory
 50666 | Vaults:3 | Lost intelligence.
 50735 | Vaults:3 | Found a staircase to the Crypt.
 50745 | Vaults:3 | HP: 6/141 [yaktaur/bolt of frost[a vault warden] (3)]
 50748 | Vaults:3 | Killed from afar by an ancient champion

Action                   |  1- 3 |  4- 6 |  7- 9 | 10-12 | 13-15 | 16-18 | 19-21 || total
-------------------------+-------+-------+-------+-------+-------+-------+-------++-------
Melee: War axe           |   120 |   187 |   282 |       |       |       |       ||   589
       Broad axe         |       |       |    50 |       |       |       |       ||    50
       Battleaxe         |       |       |    31 |   686 |   466 |       |       ||  1183
       Morningstar       |       |       |       |       |     4 |       |       ||     4
       Executioner's axe |       |       |       |       |   803 |   860 |   272 ||  1935
       Dire flail        |       |       |       |       |       |    31 |       ||    31
Invok: Sacrifice Arcana  |       |       |       |     1 |       |       |       ||     1
       Reject Sacrifices |       |       |       |     1 |     2 |       |       ||     3
       Sacrifice Essence |       |       |       |     1 |     1 |       |       ||     2
       Sacrifice Purity  |       |       |       |     1 |       |       |       ||     1
       Draw Out Power    |       |       |       |       |     4 |     2 |     5 ||    11
       Sacrifice Words   |       |       |       |       |     1 |       |       ||     1
       Apocalypse        |       |       |       |       |     2 |       |     1 ||     3
       Sacrifice Drink   |       |       |       |       |     1 |       |       ||     1
       Sacrifice Love    |       |       |       |       |     1 |       |       ||     1
       Power Leap        |       |       |       |       |     1 |    14 |       ||    15
 Abil: Evoke Invisibilit |       |       |       |       |     1 |       |       ||     1
       Evoke Flight      |       |       |       |       |     3 |     1 |       ||     4
Evoke: Wand              |       |       |       |    10 |    22 |     8 |     3 ||    43
       Fan of gales      |       |       |       |       |       |     1 |       ||     1
  Use: Scroll            |     4 |     7 |     5 |    14 |    25 |    15 |       ||    70
       Potion            |     1 |     7 |     5 |       |    13 |    10 |     2 ||    38
 Stab: Sleeping          |       |       |     3 |     5 |     6 |     3 |     3 ||    20
       Distracted        |       |       |     1 |     3 |     5 |     5 |     3 ||    17
       Invisible         |       |       |       |       |     7 |    27 |     1 ||    35
       Paralysed         |       |       |       |       |     7 |     8 |     3 ||    18
  Eat: Chunk             |     2 |     4 |     6 |    11 |    33 |    14 |     1 ||    71
       Bread ration      |       |     1 |     1 |     4 |     3 |     5 |     1 ||    15
       Fruit             |       |       |     1 |       |       |       |       ||     1
       Meat ration       |       |       |     1 |     1 |     2 |     2 |     1 ||     7
       Pizza             |       |       |       |       |     4 |     2 |       ||     6
       Beef jerky        |       |       |       |       |     3 |     1 |     3 ||     7
       Royal jelly       |       |       |       |       |     3 |     1 |       ||     4
